 Dungeon Crawl Stone Soup version 0.28-a0-655-g4eb62b627b (webtiles) character file.

Game seed: 1361409674144926585

49 freelancePsychic the Chopper (level 3, 0/34 HPs)
             Began as a Hill Orc Monk on Oct 13, 2021.
             Succumbed to an adder's poison
             ... on level 3 of the Dungeon.
             The game lasted 00:01:45 (2071 turns).

freelancePsychic the Chopper (Hill Orc Monk)        Turns: 2071, Time: 00:01:46

Health: 0/34       AC:  3    Str: 14    XL:     3   Next: 75%
Magic:  3/3        EV: 12    Int: 10    God:
Gold:   79         SH:  5    Dex: 13    Spells: 2/2 levels left

rFire   . . .      SeeInvis .   a - +0 hand axe
rCold   . . .      Faith    .   (no shield)
rNeg    . . .      Spirit   .   b - +1 robe
rPois   .          Reflect  +   (no helmet)
rElec   .          Harm     .   (no cloak)
rCorr   .          Rampage  .   (no gloves)
Will    .....                   (no boots)
Stlth   ++........              i - amulet of reflection
HPRegen 0.11/turn               (no ring)
MPRegen 0.08/turn               (no ring)

@: lethally poisoned (0 -> -1)
A: no striking features
a: no special abilities


You were on level 3 of the Dungeon.
You visited 1 branch of the dungeon, and saw 3 of its levels.

You collected 79 gold pieces.

Inventory:

Hand Weapons
 a - a +0 hand axe (weapon)
Missiles
 h - 17 poisoned darts (quivered)
Armour
 b - a +1 robe (worn)
Jewellery
 i - an amulet of reflection (around neck)
Potions
 c - a potion of might {unknown}
 d - a potion of curing {unknown}


   Skills:
 + Level 4.3 Fighting
 * Level 5.5 Axes
 - Level 2.4 Dodging
 - Level 1.5 Stealth


You had 2 spell levels left.
You didn't know any spells.
Your spell library contained the following spells:

 Spells                   Type           Power      Damage    Failure   Level
 Corpse Rot               Necr/Air       N/A        N/A       50%         2
 Poisonous Vapours        Pois/Air       0%         N/A       50%         2
 Conjure Flame            Conj/Fire      0%         6-21      75%         3
 Ignite Poison            Fire/Tmut/Pois 0%         N/A       75%         3
 Mephitic Cloud           Conj/Pois/Air  0%         N/A       75%         3
 Sticky Flame             Conj/Fire      0%         2d3       98%         4
 Freezing Cloud           Conj/Ice/Air   0%         6-21      100%        5


Dungeon Overview and Level Annotations

Branches:
Dungeon (3/15)

Altars:


Message History

The endoplasm closely misses you.
You hit the endoplasm.
You kill the endoplasm!
Found 9 gold pieces.
You now have 79 gold pieces (gained 9).
You open the door.
An adder comes into view.
There is an open door here.
The adder hisses angrily.
You barely miss the adder. The adder bites you.
The adder bites you but does no damage.
You barely miss the adder. The adder bites you.
You slash the adder!
The adder is almost dead.
The adder bites you but does no damage.
You barely miss the adder.
The adder is almost dead.
The adder bites you.
You are poisoned.
The adder poisons you! The adder bites you.
You closely miss the adder.
The adder is almost dead.
You feel sick. The adder misses you.
You closely miss the adder.
The adder is almost dead.
You feel sick. The adder bites you.
* * * LOW HITPOINT WARNING * * *
The adder bites you.
* * * LOW HITPOINT WARNING * * *
You closely miss the adder.
The adder is almost dead.
* * * LOW HITPOINT WARNING * * *
You feel sick. You block the adder's attack.
You slash the adder!
You kill the adder!
* * * LOW HITPOINT WARNING * * *
You feel sick.
* * * LOW HITPOINT WARNING * * *
You feel sick.
You die...

#.##.#### #.##.#
##+# #.##<# ##...##
#.##.# ##.....##
#.#..# ##.......##
.....####.........#
#.......+.........+
.#...####.........#
###.## #......@#
##.# ##.....##
###.## ##...##
.#.## ##'## ..##
#####.### .#####
##.......# .....#
#...##.#.# .###.#
#........# .#
#.###........#


There were no monsters in sight!

Vanquished Creatures
  2 adders
  A worm (D:2)
  2 dart slugs (D:2)
  3 ball pythons
  4 endoplasms
  4 goblins
  A hobgoblin (D:1)
  2 frilled lizards (D:2)
  3 kobolds (D:1)
  3 rats
25 creatures vanquished.

Notes
Turn   | Place    | Note
-------+----------+-------------------------------------------
     0 | D:1      | freelancePsychic the Hill Orc Monk began the quest for the
                  | Orb.
     0 | D:1      | Reached XP level 1. HP: 19/19 MP: 1/1
   444 | D:1      | Found a faded altar of an unknown god.
   623 | D:1      | Reached XP level 2. HP: 27/27 MP: 2/2
  1287 | D:2      | Reached skill level 5 in Axes
  1521 | D:2      | Reached XP level 3. HP: 29/33 MP: 3/3
  2070 | D:3      | HP: 1/34 [poisoned by an adder]
  2071 | D:3      | Succumbed to an adder's poison

Illustrated notes

Levels and vault maps discovered:
D:1:      co_arrival_random_square_maze, layout_rooms,
          shapermc_ecumenical_altar_starsandcircs, item_on_display_a
D:2:      layout_loops_ring
D:3:      layout_loops_corners, mainiacjoe_overflow_tiny_flanked,
          cheibrodos_sewer_entry_bend

Skill      XL: |  1  2 |
---------------+-------+-----
Fighting       | 4 |  4.3
Axes           | 5 |  5.5
Dodging        | |  2.4
Stealth        | |  1.5

Action                   || total
-------------------------++-------
Melee: Hand axe          ||    94
  Use: Scroll            ||     6
 Stab: Sleeping          ||     2
Armor: Robe              ||     9
Dodge: Dodged            ||    35
Block: Other             ||     7

Table legend: (Time is in decaauts)
 A = Elapsed time spent in this place.
 B = Non-inter-level travel time spent in this place.
 C = Inter-level travel time spent in this place.
 D = Time resting spent in this place.
 E = Time spent auto-exploring this place.
 F = Levels seen in this place.
 G = Mean time per level.
                   A        B        C        D        E       F      G
               +--------+--------+--------+--------+--------+-----+--------+
         Total |   2076 |   2004 |     72 |      0 |   1739 |   3 |  692.0 |
       Dungeon |   2076 |   2004 |     72 |      0 |   1739 |   3 |  692.0 |
               +--------+--------+--------+--------+--------+-----+--------+

Top non-repeatable levels by time:
     D:1: 1087 daAuts
     D:2: 911 daAuts
     D:3: 78 daAuts
